AoeStats
← bisusuperman

Black Forest

506648703Analyzed
4v4 RM · 18d ago on Sep 14, 2026· 13m 18s· 8 players
Game mode
Random Map
Map size
Large (8 player)
Population
200
Speed
Normal
Resources
Standard
Victory
Conquest
Starting age
Dark Age
Ending age
Imperial Age
RankedLock teamsTeams togetherTeam positionsShared explorationLock speedFull tech treeHidden civsTurbo modeCheats
Victory
Defeat
🇦🇷 Mongols · Argentina
1375
+13
🇦🇷 Sicilians · Argentina
1374
+13
🇨🇭 Malay · Switzerland
1367
+13
🇭🇺 Muisca · Hungary
1252
+18
🇨🇳 Bohemians · China
1386
-18
🇨🇳 Teutons · China
1327
-15
🇨🇭 Vietnamese · Switzerland
1275
-13
🇨🇳 Italians · China
1216
-11
只爆叉叉
11:09 Feudal Age
12:13 Double-Bit Axe
15:08 Castle Age
一只小耳
10:11 Feudal Age
11:13 Loom
bisusuperman
0:34 Loom
11:50 Feudal Age
Shoggi
6:52 Loom
13:43 Feudal Age
Sun Tzu 1337
0:41 Loom
sk
10:42 Feudal Age
14:42 Castle Age
13:05 Double-Bit Axe
13:31 Horse Collar
scurhun
11:37 Feudal Age
13:01 Horse Collar
13:09 Double-Bit Axe
poi
0:39 Loom
9:42 Feudal Age
Connection lost

Rejoining the realm…

Still unreachable

The connection could not be restored.

Session expired

The server has moved on; the page needs a fresh start.